 Dungeon Crawl Stone Soup version 0.29-a0-791-ga0f254aafb (webtiles) character file.

Game seed: 4450496262444224440

6 Conn the Firebug (level 1, 0/11 HPs)
             Began as an Octopode Fire Elementalist on July 3, 2022.
             Slain by a kobold
             ... wielding a +0 whip
              (5 damage)
             ... on level 1 of the Dungeon.
             The game lasted 00:00:57 (237 turns).

Conn the Firebug (Octopode Fire Elementalist)        Turns: 237, Time: 00:00:58

Health: 0/11       AC:  1    Str:  7    XL:     1   Next: 90%
Magic:  0/3        EV: 13    Int: 17    God:
Gold:   0          SH:  0    Dex: 12    Spells: 3/4 levels left

rFire   . . .      SeeInvis .   b - +0 short sword
rCold   . . .      Faith    .   (no shield)
rNeg    . . .      Spirit   .   (helmet restricted)
rPois   .          Reflect  .   (no amulet)
rElec   .          Harm     .   (no ring)
rCorr   .          Rampage  .   (no ring)
Will    .....                   (no ring)
Stlth   +++.......              (no ring)
HPRegen 0.03/turn               (no ring)
MPRegen 0.08/turn               (no ring)
                                (no ring)
                                (no ring)

@: no status effects
A: almost no armour, amphibious, 8 rings, camouflage 1, gelatinous body 1,
(nimble swimmer 1), tentacles
a: no special abilities


You were on level 1 of the Dungeon.
You visited 1 branch of the dungeon, and saw 1 of its levels.

Inventory:

Hand Weapons
 b - a +0 short sword (weapon)
Potions
 a - a potion of magic
 c - a potion of brilliance {unknown}


   Skills:
 + Level 2.0 Dodging
 + Level 2.6 Stealth
 + Level 2.1 Spellcasting
 + Level 1.1 Conjurations
 + Level 3.2 Fire Magic


You had 3 spell levels left.
You knew the following spells:

 Your Spells              Type           Power      Damage    Failure   Level
a - Foxfire               Conj/Fire      36%        2x1d5     8%          1

Your spell library contained the following spells:

 Spells                   Type           Power      Damage    Failure   Level
 Scorch                   Fire           24%        2d6       8%          2
 Magic Dart               Conj           20%        1d4       12%         1
 Searing Ray              Conj           10%        2d4       19%         2
 Conjure Flame            Conj/Fire      9%         6-21      24%         3
 Inner Flame              Hex/Fire       7%         N/A       30%         3
 Flame Wave               Conj/Fire      9%         2d5       61%         4
 Fulminant Prism          Conj/Hex       1%         3d6       83%         4


Dungeon Overview and Level Annotations

Branches:
Dungeon (1/15)

Altars:


Innate Abilities, Weirdness & Mutations

You cannot wear most types of armour.
You are amphibious.
You can wear up to eight rings at the same time.
Your skin changes colour to match your surroundings (Stealth+).
Your rubbery body absorbs attacks. (AC +1, EV +1)
((You are camouflaged when in or above water. (Stealth+)))
You have tentacles for arms and can constrict up to eight enemies at once.


Message History

Nothing appears to happen.
The kobold shouts!
The foxfire hits the quokka but does no damage.
The foxfire hits the quokka.
The quokka is heavily wounded.
Casting: Foxfire (safe; 9% risk of failure)
Confirm with . or Enter, or press ? or * to list all spells.
You conjure some foxfire!
A rat comes into view.
Unknown command.
Casting: Foxfire (safe; 9% risk of failure)
Confirm with . or Enter, or press ? or * to list all spells.
You don't have enough magic to cast this spell.
Unknown command.
The foxfire hits the quokka but does no damage.
The quokka is heavily wounded.
The foxfire hits the quokka.
You kill the quokka!
Unknown command.
The kobold throws a stone.
The stone closely misses you.
The kobold throws a stone.
The stone hits you.
Your magical contamination has completely faded away.
Casting: Foxfire (safe; 8% risk of failure)
Confirm with . or Enter, or press ? or * to list all spells.
You don't have enough magic to cast this spell.
Casting: Foxfire (safe; 8% risk of failure)
Confirm with . or Enter, or press ? or * to list all spells.
You conjure some foxfire!
The kobold throws a stone.
The stone closely misses you.
Unknown command.
The foxfire hits the rat.
You kill the rat!
Unknown command.
The foxfire hits the kobold.
The kobold is moderately wounded.
The kobold hits you with a +0 whip.
Ouch! That really hurt!
You hit the kobold but do no damage. Your grab misses the kobold.
The kobold hits you with a +0 whip.
You die...

#.........#...........
#.........#..............
#.........##..####.......
.........##..###........
....... ##.....#...(..
......####.##.........
#...(.......#
#####...........#..
#....@K.........†..
#.....#######.?.#..
#.....# #.# #....## ..
###### .


You could see a kobold.

Vanquished Creatures
  2 quokkas (D:1)
  A frilled lizard (D:1)
  A kobold (D:1)
  3 rats (D:1)
7 creatures vanquished.

Vanquished Creatures (others)
  22 foxfires (D:1)
22 creatures vanquished.

Grand Total: 29 creatures vanquished

Notes
Turn   | Place    | Note
-------+----------+-------------------------------------------
     0 | D:1      | Conn the Octopode Fire Elementalist began the quest for the
                  | Orb.
     0 | D:1      | Reached XP level 1. HP: 11/11 MP: 3/3
   237 | D:1      | Slain by a kobold

Illustrated notes

Levels and vault maps discovered:
D:1:      giann_horns, layout_rooms, ebering_ecumenical_altar_webs,
          minmay_tromino_v4_b

Action                   || total
-------------------------++-------
Melee: Short sword       ||     2
       Unarmed           ||     1
       Constrict         ||     1
       Tentacles         ||     1
 Cast: Foxfire           ||    12
 Stab: Sleeping          ||     1
Dodge: Dodged            ||     2

Table legend: (Time is in decaauts)
 A = Elapsed time spent in this place.
 B = Non-inter-level travel time spent in this place.
 C = Inter-level travel time spent in this place.
 D = Time resting spent in this place.
 E = Time spent auto-exploring this place.
 F = Levels seen in this place.
 G = Mean time per level.
                   A        B        C        D        E       F      G
               +--------+--------+--------+--------+--------+-----+--------+
         Total |    236 |    236 |      0 |      0 |    153 |   1 |  236.0 |
       Dungeon |    236 |    236 |      0 |      0 |    153 |   1 |  236.0 |
               +--------+--------+--------+--------+--------+-----+--------+

Top non-repeatable levels by time:
     D:1: 236 daAuts
